 Dungeon Crawl Stone Soup version 0.31-a0-1576-ga3383bade6 (webtiles) character file.

Game seed: 17902131271941066291

91 CowFu the Chopper (level 4, -1/38 HPs)
             Began as a Hill Orc Reaver on Jan 4, 2024.
             Slain by an orc priest
             ... wielding a +0 falchion
              (2 damage)
             ... on level 3 of the Dungeon.
             The game lasted 00:01:47 (1568 turns).

CowFu the Chopper (Hill Orc Reaver)                 Turns: 1568, Time: 00:01:48

Health: -1/38      AC: 10    Str: 16    XL:     4   Next: 57%
Magic:  6/6        EV:  4    Int: 13    God:
Gold:   109        SH:  0    Dex:  9    Spells: 5/6 levels left

rFire   . . .        a - +0 hand axe
rCold   . . .        (no shield)
rNeg    . . .        f - +0 plate armour
rPois   .            (no helmet)
rElec   .            (no cloak)
rCorr   .            (no gloves)
SInv    .            (no boots)
Will    .....        (no amulet) Stlth
                     k - ring of wizardry
HPRegen 0.26/turn    (no ring)
MPRegen 0.10/turn

%: wizardry (x1)
@: no status effects
A: no striking features
a: Convert to Beogh


You were on level 3 of the Dungeon.
You visited 1 branch of the dungeon, and saw 3 of its levels.

You collected 109 gold pieces.

Inventory:

Hand Weapons
 a - a +0 hand axe (weapon)
Armour
 f - a +0 plate armour (worn)
Jewellery
 k - a ring of wizardry (left hand)
Scrolls
 c - 2 scrolls of blinking {unknown}
 h - 3 scrolls of teleportation {unknown}
 j - a scroll of vulnerability {unknown}
 l - a scroll of identify {unknown}
 m - a scroll of immolation {unknown}
Potions
 b - a potion of heal wounds {unknown}
 d - 3 potions of might {unknown}
 e - a potion of resistance {unknown}
 g - 2 potions of enlightenment {unknown}
 i - a potion of attraction {unknown}


   Skills:
 + Level 3.2 Fighting
 + Level 6.1 Axes
 + Level 1.4 Armour
 - Level 1.5 Dodging
 - Level 1.5 Spellcasting
 - Level 3.0 Conjurations


You had 5 spell levels left.
You knew the following spells:

 Your Spells              Type           Power      Damage    Failure   Level
a - Kiss of Death         Conj/Necr      16%        2d6       98%         1

Your spell library contained the following spells:

 Spells                   Type           Power      Damage    Failure   Level
 Momentum Strike          Conj/Tloc      8%         3d8       99%         2
 Hailstorm                Conj/Ice       4%         3d5       100%        3


Dungeon Overview and Level Annotations

Branches:
Dungeon (3/15)

Altars:
Yredelemnul
Beogh

Shops:
D:3 [


Message History

The orc shouts!
An orc wizard comes into view. It is wielding a +0 dagger.
The orc wizard shouts!
The orc priest hits you with a +0 falchion.
You hit the orc priest but do no damage.
You hit the orc priest but do no damage.
You barely miss the orc priest.
The orc priest hits you with a +0 falchion.
The orc priest hits you with a +0 hand axe.
You hit the orc priest.
The orc priest is lightly wounded.
You closely miss the orc priest.
The orc priest shouts, "Join the one true god or die!"
The orc priest hits you but does no damage.
The orc priest barely misses you.
You hit the orc priest.
The orc priest is heavily wounded.
You hit the orc priest but do no damage.
The orc priest looks satisfied for a moment.
The orc priest hits you with a +0 hand axe.
The orc priest shouts, "Surrender to Beogh and we'll let you live!"
You hit the orc priest.
The orc priest is heavily wounded.
You hit the orc priest but do no damage.
The orc priest hits you but does no damage.
The orc priest invokes the aid of Beogh against you.
Beogh smites you!
You closely miss the orc priest.
The orc priest is heavily wounded.
You hit the orc priest but do no damage.
The orc priest shouts, "Surrender to Beogh and we'll let you live!"
The orc priest hits you with a +0 falchion.
The orc priest hits you but does no damage.
The orc priest invokes the aid of Beogh against you.
Beogh smites you!
* * * LOW HITPOINT WARNING * * *
The orc priest shouts, "Beogh is our master!
Accept the truth or die!"
The orc priest attacks as it pursues you!
The orc priest hits you with a +0 falchion.
You die...

### # ..#.#
########.#.# #.
#.oooo...#.# #.
#_$.oo'.####o....#
.... #$8.8.### #@....#
###.
##...#######..†!.# ...
##########.....#<....#
#...
#....................#
####
#.#####.######.....$.#
#.#####.# .........#
#.....#.# ##..........
#.....#.# #.#..#.#####
#.....#># #.#......


You could see 2 orc priests.

Vanquished Creatures
  An orc wizard (D:3)
  An adder (D:2)
  3 dart slugs
  A ribbon worm (D:2)
  2 orcs (D:3)
  3 ball pythons
  5 endoplasms
  A giant cockroach (D:3)
  A goblin (D:1)
  3 hobgoblins
  3 jackals (D:2)
  2 quokkas
  5 bats
  5 frilled lizards
  5 kobolds
  3 rats
44 creatures vanquished.

Notes
Turn   | Place    | Note
-------+----------+-------------------------------------------
     0 | D:1      | CowFu the Hill Orc Reaver began the quest for the Orb.
     0 | D:1      | Reached XP level 1. HP: 18/18 MP: 3/3
   225 | D:1      | Reached XP level 2. HP: 19/25 MP: 4/4
   606 | D:1      | Reached skill level 5 in Axes
   778 | D:2      | Found a basalt altar of Yredelemnul.
   821 | D:2      | Reached XP level 3. HP: 22/30 MP: 5/5
  1101 | D:2      | You fall into a shaft and drop 1 floor!
  1355 | D:3      | Reached skill level 6 in Axes
  1355 | D:3      | Reached skill level 1 in Armour
  1355 | D:3      | Reached XP level 4. HP: 33/38 MP: 6/6
  1419 | D:3      | Found Abodyvut's Antique Armour Boutique.
  1440 | D:3      | Identified the +3 rapier "Feviosul" {flame, Dex+4}
  1554 | D:3      | Found a roughly hewn altar of Beogh.
  1567 | D:3      | HP: 1/38 [orc priest/divine providence (11)]
  1568 | D:3      | Slain by an orc priest

Illustrated notes

Levels and vault maps discovered:
D:1:      lightli_arrival_quake, layout_basic, chequers_arboretum
D:2:      layout_rooms, basic_altar
D:3:      layout_basic, serial_shops, nicolae_shop_just_a_little_nook,
          kennysheep_orc_chapel

Skill      XL: |  1  2  3 |
---------------+----------+-----
Axes           | 5 6 |  6.1
Fighting       | 3 |  3.2
Armour         | 1 |  1.4
Dodging        | |  1.5
Spellcasting   | |  1.5
Conjurations   | |  3.0

Action                     |  1- 3 |  4- 6 || total
---------------------------+-------+-------++-------
  Melee: Hand axe          |   146 |    32 ||   178
 Armour: Plate armour      |   164 |    29 ||   193
         Leather armour    |     6 |       ||     6
  Dodge: Dodged            |    46 |     4 ||    50

Table legend: (Time is in decaauts)
 A = Elapsed time spent in this place.
 B = Non-inter-level travel time spent in this place.
 C = Inter-level travel time spent in this place.
 D = Time resting spent in this place.
 E = Time spent auto-exploring this place.
 F = Levels seen in this place.
 G = Mean time per level.
                   A        B        C        D        E       F      G
               +--------+--------+--------+--------+--------+-----+--------+
         Total |   1572 |   1541 |     31 |      0 |   1193 |   3 |  524.0 |
       Dungeon |   1572 |   1541 |     31 |      0 |   1193 |   3 |  524.0 |
               +--------+--------+--------+--------+--------+-----+--------+

Top non-repeatable levels by time:
     D:1: 778 daAuts
     D:2: 469 daAuts
     D:3: 324 daAuts
